 Dungeon Crawl Stone Soup version 0.32-a0-872-g59262bdc9b (webtiles) character file.

Game seed: 2096022215146682086

532 601d51SH the Shield-Bearer (level 7, -5/60 HPs)
             Began as a Gnoll Fighter on Mar 31, 2024.
             Was an Initiate of Hepliaklqana.
             Killed from afar by Dowan (11 damage)
             ... with a shard of ice
             ... on level 5 of the Dungeon.
             The game lasted 00:08:09 (4019 turns).

601d51SH the Shield-Bearer (Gnoll Fighter)          Turns: 4019, Time: 00:08:10

Health: -5/60      AC: 16    Str: 17    XL:     7   Next: 24%
Magic:  10/10      EV:  5    Int:  8    God:    Hepliaklqana [......]
Gold:   167        SH:  5    Dex: 11    Spells: 10/10 levels left

rFire   . . .        a - +0 war axe
rCold   . . .        c - +0 buckler
rNeg    . . .        s - +0 plate armour
rPois   .            g - +1 hat
rElec   .            u - +0 cloak
rCorr   .            (no gloves)
SInv    .            y - +0 pair of boots
Will    .....        (no amulet) Stlth
                     (no ring)
HPRegen 0.30/turn    (no ring)
MPRegen 0.12/turn

%: no passive effects
@: no status effects
A: fangs 1, strong nose, distributed training
a: Renounce Religion


You were on level 5 of the Dungeon.
You worshipped Hepliaklqana.
Hepliaklqana was noncommittal.
You visited 2 branches of the dungeon, and saw 6 of its levels.

You collected 167 gold pieces.

Inventory:

Hand Weapons
 a - a +0 war axe (weapon)
 f - a +0 dagger of venom
 t - a +4 quarterstaff of chaos
 v - a +0 hammer
Armour
 b - a +0 scale mail
 c - a +0 buckler (worn)
 g - a +1 hat (worn)
 s - a +0 plate armour (worn)
 u - a +0 cloak (worn)
 y - a +0 pair of boots (worn)
Jewellery
 D - an amulet of faith
Talismans
 m - a maw talisman
Wands
 q - a wand of paralysis (3)
 w - a wand of flame (21)
Scrolls
 h - a scroll of acquirement {unknown}
 i - a scroll of enchant armour {unknown}
 j - a scroll of blinking {unknown}
 k - a scroll of vulnerability {unknown}
 o - a scroll of poison
 p - 4 scrolls of teleportation
 A - a scroll of identify
 C - 2 scrolls of noise {unknown}
 F - a scroll of brand weapon {unknown}
Potions
 d - a potion of might
 e - a potion of curing
 l - 2 potions of attraction
 n - a potion of mutation {unknown}
 r - 2 potions of enlightenment {unknown}
 x - 2 potions of ambrosia
 z - 2 potions of berserk rage {unknown}
 B - a potion of cancellation {unknown}
 E - a potion of heal wounds {unknown}


   Skills:
 + Level 7.0 Fighting
 + Level 2.4 Short Blades
 + Level 2.4 Long Blades
 + Level 5.2 Axes
 + Level 2.4 Maces & Flails
 + Level 2.4 Polearms
 + Level 2.4 Staves
 + Level 2.4 Ranged Weapons
 + Level 2.4 Throwing
 + Level 7.0 Armour
 + Level 2.4 Dodging
 + Level 2.4 Stealth
 + Level 7.0 Shields
 + Level 2.4 Unarmed Combat
 + Level 2.4 Spellcasting
 + Level 2.0 Conjurations
 + Level 2.0 Hexes
 + Level 2.0 Summonings
 + Level 2.0 Necromancy
 + Level 2.0 Translocations
 + Level 2.0 Fire Magic
 + Level 2.0 Ice Magic
 + Level 2.0 Air Magic
 + Level 2.0 Earth Magic
 + Level 2.0 Alchemy
 + Level 2.7 Invocations
 + Level 2.4 Evocations
 + Level 2.2 Shapeshifting


You had 10 spell levels left.
You didn't know any spells.
Your spell library contained the following spells:

 Spells                   Type           Power      Damage    Failure   Level
 Summon Small Mammal      Summ           16%        N/A       100%        1
 Call Canine Familiar     Summ           4%         N/A       100%        3
 Fugue of the Fallen      Necr           4%         N/A       100%        3
 Ozocubu's Armour         Ice            4%         N/A       100%        3
 Summon Blazeheart Golem  Fire/Summ      4%         N/A       100%        4
 Manifold Assault         Tloc           2%         N/A       100%        7


Dungeon Overview and Level Annotations

Branches:
Dungeon (5/15)             Temple (1/1) D:4

Altars:
Ashenzari
Cheibriados
Dithmenos
Elyvilon
Fedhas
Gozag
Hepliaklqana
Makhleb
Nemelex Xobeh
Ru
Sif Muna
Trog
Uskayaw
Vehumet
Wu Jian
Xom
Yredelemnul
The Shining One

Annotations:
D:5 Dowan


Innate Abilities, Weirdness & Mutations

You have very sharp teeth.
Your uncanny sense of smell can sniff out nearby items.
Your experience applies equally to all skills.


Message History

Dowan gestures wildly while chanting.
Dowan blinks!
Duvessa hits you with a +0 short sword.
Dowan smirks and points a slender finger.
Dowan points at Duvessa and mumbles some strange words.
Duvessa seems to speed up.
You hit Duvessa.
Duvessa is heavily wounded.
Duvessa hits you but does no damage.
Dowan smirks and points a slender finger.
Duvessa hits you with a +0 short sword.
You slash Duvessa!
Duvessa is almost dead.
Duvessa hits you with a +0 short sword.
Duvessa says, "My weaknesses are his strengths!"
You block Duvessa's attack.
You hit Duvessa.
Duvessa is almost dead.
You miss Dowan. Duvessa hits you with a +0 short sword.
* * * LOW HITPOINT WARNING * * *
Dowan casts a spell.
Dowan blinks!
Duvessa hits you with a +0 short sword.
* * * LOW HITPOINT WARNING * * *
You barely miss Duvessa. You bite Duvessa, but do no damage.
Duvessa is almost dead.
Duvessa completely misses you. Duvessa hits you but does no damage.
You hit Duvessa but do no damage.
Duvessa is almost dead.
Duvessa hits you with a +0 short sword!
* * * LOW HITPOINT WARNING * * *
You hit Duvessa.
You kill Duvessa!
Dowan seems overcome with grief.
Dowan seems to find hidden reserves of power!
Dowan gestures at you while chanting. You block the shard of ice.
Dowan casts a spell at you. The shard of ice hits you!
You die...
Hepliaklqana delivers you to your ancestors.

#.##..#.#.#
#.##^.#.#.#
#.##..#.#.#
.######.........#
.........e......#
#######..####....
#..# ###.# ∆ #..#
#.# #@)# #..#
#.........
...........
###########. ∆


You could see Dowan (fast).

Vanquished Creatures
  Duvessa (D:5)
  A black bear (D:4)
  A phantom (D:4)
  A scorpion (D:5)
  An orc priest (D:4)
  Crazy Yiuf (D:3)
  A human skeleton (D:4)
  An iguana (D:5)
  2 orc wizards
  A hound skeleton (D:4)
  6 adders
  A white imp (D:4)
  A dart slug (D:4)
  A ribbon worm (D:2)
  12 orcs
  5 bats
  2 endoplasms (D:2)
  4 giant cockroaches
  4 goblins
  6 hobgoblins
  6 jackals (D:2)
  3 quokkas
  9 ball pythons
  5 frilled lizards
  7 kobolds
  2 rats (D:1)
85 creatures vanquished.

Notes
Turn   | Place    | Note
-------+----------+-------------------------------------------
     0 | D:1      | 601d51SH the Gnoll Fighter began the quest for the Orb.
     0 | D:1      | Reached XP level 1. HP: 23/23 MP: 1/1
   251 | D:1      | Reached XP level 2. HP: 26/29 MP: 2/2
   522 | D:1      | Found a faded altar of an unknown god.
   959 | D:1      | Reached XP level 3. HP: 35/35 MP: 3/3
  1108 | D:2      | Reached skill level 1 in Invocations
  1221 | D:2      | Reached skill level 1 in Short Blades
  1221 | D:2      | Reached skill level 1 in Long Blades
  1221 | D:2      | Reached skill level 1 in Maces & Flails
  1221 | D:2      | Reached skill level 1 in Polearms
  1221 | D:2      | Reached skill level 1 in Staves
  1221 | D:2      | Reached skill level 1 in Ranged Weapons
  1221 | D:2      | Reached skill level 1 in Throwing
  1221 | D:2      | Reached skill level 1 in Dodging
  1221 | D:2      | Reached skill level 1 in Stealth
  1221 | D:2      | Reached skill level 1 in Unarmed Combat
  1221 | D:2      | Reached skill level 1 in Spellcasting
  1221 | D:2      | Reached skill level 1 in Evocations
  1226 | D:2      | Reached skill level 1 in Shapeshifting
  1226 | D:2      | Reached XP level 4. HP: 15/41 MP: 5/5
  2004 | D:3      | Reached skill level 1 in Conjurations
  2004 | D:3      | Reached skill level 1 in Hexes
  2004 | D:3      | Reached skill level 1 in Summonings
  2004 | D:3      | Reached skill level 1 in Necromancy
  2004 | D:3      | Reached skill level 1 in Translocations
  2004 | D:3      | Reached skill level 1 in Fire Magic
  2004 | D:3      | Reached skill level 1 in Ice Magic
  2004 | D:3      | Reached skill level 1 in Air Magic
  2004 | D:3      | Reached skill level 1 in Earth Magic
  2004 | D:3      | Reached skill level 1 in Alchemy
  2055 | D:3      | Found a sacrificial altar of Ru.
  2069 | D:3      | Found a shimmering blue altar of Sif Muna.
  2573 | D:3      | Found a runed translucent door.
  2574 | D:3      | Noticed Crazy Yiuf
  2582 | D:3      | Killed Crazy Yiuf
  2583 | D:3      | Reached XP level 5. HP: 20/47 MP: 7/7
  2757 | D:4      | Noticed a phantom
  2768 | D:4      | Killed a phantom
  2845 | D:4      | Reached XP level 6. HP: 39/53 MP: 8/8
  2862 | D:4      | Reached skill level 5 in Axes
  2973 | D:4      | Found a sparkling altar of Nemelex Xobeh.
  3115 | D:4      | Found a burning altar of Makhleb.
  3224 | D:4      | Found an ornate altar of the Wu Jian Council.
  3224 | D:4      | Found a hide-covered altar of Uskayaw.
  3267 | D:4      | Noticed a black bear
  3279 | D:4      | Killed a black bear
  3382 | D:4      | Found a snail-covered altar of Cheibriados.
  3492 | D:4      | Reached XP level 7. HP: 39/59 MP: 10/10
  3642 | D:4      | Found a staircase to the Ecumenical Temple.
  3766 | Temple   | Entered the Ecumenical Temple
  3772 | Temple   | Became a worshipper of Hepliaklqana the Forgotten
  3795 | D:5      | Entered Level 5 of the Dungeon
  3995 | D:5      | Noticed Duvessa
  3995 | D:5      | Noticed Dowan
  4019 | D:5      | Killed Duvessa
  4019 | D:5      | Killed from afar by Dowan

Illustrated notes

Levels and vault maps discovered:
D:1:      dpeg_arrival_castle, layout_basic, ebering_ecumenical_altar_mist
D:2:      layout_basic
D:3:      layout_basic, mainiacjoe_overflow_catwalk_spiral,
          uniq_crazy_yiuf_cottage
D:4:      layout_basic, old_standard_altar, kennysheep_little_box,
          gammafunk_temple_overflow_pools, makhleb_blood_cavern_becter,
          minmay_temple_entry_mist, grunt_ministairs_14, hex_medium,
          grunt_decor_clamped, due_unseen_surprise
D:5:      layout_loops_ring, uniq_duvessa
Temple:   minmay_freezing_vapour_temple

Skill      XL: |  1  2  3  4  5  6  7 |
---------------+----------------------+-----
Invocations    | 1 2 |  2.7
Short Blades   | 1 2 |  2.4
Long Blades    | 1 2 |  2.4
Maces & Flails | 1 2 |  2.4
Polearms       | 1 2 |  2.4
Staves         | 1 2 |  2.4
Ranged Weapons | 1 2 |  2.4
Throwing       | 1 2 |  2.4
Dodging        | 1 2 |  2.4
Stealth        | 1 2 |  2.4
Unarmed Combat | 1 2 |  2.4
Spellcasting   | 1 2 |  2.4
Evocations     | 1 2 |  2.4
Shapeshifting  | 1 2 |  2.2
Conjurations   | 1 2 |  2.0
Hexes          | 1 2 |  2.0
Summonings     | 1 2 |  2.0
Necromancy     | 1 2 |  2.0
Translocations | 1 2 |  2.0
Fire Magic     | 1 2 |  2.0
Ice Magic      | 1 2 |  2.0
Air Magic      | 1 2 |  2.0
Earth Magic    | 1 2 |  2.0
Alchemy        | 1 2 |  2.0
Axes           | 5 |  5.2
Fighting       | 7 |  7.0
Armour         | 7 |  7.0
Shields        | 7 |  7.0

Action                     |  1- 3 |  4- 6 |  7- 9 || total
---------------------------+-------+-------+-------++-------
  Melee: War axe           |   100 |   143 |    36 ||   279
         Bite              |     8 |     9 |     5 ||    22
    Use: Scroll            |       |     5 |       ||     5
 Armour: Scale mail        |    83 |    73 |       ||   156
         Plate armour      |       |    95 |    47 ||   142
  Dodge: Dodged            |    45 |    63 |     6 ||   114
  Block: Buckler           |    39 |    48 |    12 ||    99

Table legend: (Time is in decaauts)
 A = Elapsed time spent in this place.
 B = Non-inter-level travel time spent in this place.
 C = Inter-level travel time spent in this place.
 D = Time resting spent in this place.
 E = Time spent auto-exploring this place.
 F = Levels seen in this place.
 G = Mean time per level.
                   A        B        C        D        E       F      G
               +--------+--------+--------+--------+--------+-----+--------+
         Total |   4112 |   3920 |    192 |      0 |   3046 |   6 |  685.3 |
       Dungeon |   4100 |   3912 |    188 |      0 |   3046 |   5 |  820.0 |
        Temple |     11 |      7 |      4 |      0 |      0 |   1 |   11.0 |
               +--------+--------+--------+--------+--------+-----+--------+

Top non-repeatable levels by time:
     D:1: 1111 daAuts
     D:4: 1065 daAuts
     D:2: 845 daAuts
     D:3: 845 daAuts
     D:5: 233 daAuts
  Temple: 11 daAuts
